AoeStats
← crypto_zhupel

Socotra

504240710Analyzed
2v2 RM · 27d ago on Sep 4, 2026· 35m 52s· 4 players
Game mode
Random Map
Map size
Tiny (2 player)
Population
200
Speed
Normal
Resources
Standard
Victory
Conquest
Starting age
Dark Age
Ending age
Imperial Age
RankedLock teamsTeams togetherTeam positionsShared explorationLock speedFull tech treeHidden civsTurbo modeCheats
Victory
Defeat
🇸🇪 Persians · Sweden
1389
+17
🇩🇰 Poles · Denmark
1370
+18
🇷🇺 Bulgarians · Russia
1418
-18
🇷🇺 Malay · Russia
1394
-17
Still allgreen
7:02 Loom
9:40 Feudal Age
10:06 Double-Bit Axe
20:32 Castle Age
18:32 Horse Collar
20:02 Fletching
21:17 Wheelbarrow
21:54 Bodkin Arrow
22:59 Gold Mining
25:37 Town Watch
26:45 Bow Saw
27:02 Padded Archer Armor
28:07 Stone Mining
29:30 Heavy Plow
33:47 Imperial Age
34:40 Scale Mail Armor
35:19 Conscription
amaoko21
6:02 Loom
7:43 Loom
18:12 Feudal Age
18:43 Double-Bit Axe
21:40 Fletching
29:41 Castle Age
27:59 Horse Collar
28:48 Bloodlines
29:14 Scale Barding Armor
30:04 Forging
30:41 Gold Mining
31:40 Bow Saw
35:22 Chain Barding Armor
youteGG_mangoneluser
0:36 Loom
11:09 Feudal Age
18:15 Fletching
24:28 Castle Age
25:19 Bodkin Arrow
25:59 Town Watch
28:23 Double-Bit Axe
crypto_zhupel
0:43 Loom
24:38 Feudal Age
26:45 Wheelbarrow
28:30 Double-Bit Axe
31:56 Castle Age
32:30 Scale Barding Armor
34:31 Husbandry
Connection lost

Rejoining the realm…

Still unreachable

The connection could not be restored.

Session expired

The server has moved on; the page needs a fresh start.